 Dungeon Crawl Stone Soup version 0.27-a0-287-gd4424db430 (webtiles) character file.

Game seed: 7626510801127008254

527 Lanoc the Chopper (level 7, -5/52 HPs)
             Began as a Mummy Gladiator on Feb 9, 2021.
             Was a Believer of Uskayaw.
             Slain by an ogre
             ... wielding a +0 giant club
              (24 damage)
             ... on level 4 of the Dungeon.
             The game lasted 00:03:31 (3895 turns).

Lanoc the Chopper (Mummy Gladiator)                 Turns: 3895, Time: 00:03:31

Health: -5/52      AC:  4    Str: 17    XL:     7   Next: 2%
Magic:  7/9        EV: 12    Int:  8    God:    Uskayaw [**....]
Gold:   259        SH:  4    Dex: 15    Spells: 6/6 levels left

rFire    x . .     SeeInvis .   a - +0 war axe
rCold    + + .     Faith    .   j - +0 buckler
rNeg     + + +     Spirit   .   b - +0 leather armour
rPois    ∞         Reflect  .   c - +0 helmet
rElec    .         Harm     .   (no cloak)
rCorr    .         Rampage  .   (no gloves)
Will     .....                  (no boots)
Stlth    +.........             (no amulet)
HPRegen  0.17/turn              h - ring of protection from cold
MPRegen  0.11/turn              (no ring)

@: no status effects
A: no potions, fire vulnerability, cold resistance 1, negative energy resistance
3, torment resistance, unbreathing
a: Renounce Religion, Stomp, Line Pass


You were on level 4 of the Dungeon.
You worshipped Uskayaw.
Uskayaw was noncommittal.
You visited 1 branch of the dungeon, and saw 4 of its levels.

You collected 259 gold pieces.

Inventory:

Hand Weapons
 a - a +0 war axe (weapon)
Missiles
 d - 3 throwing nets (quivered)
 i - 6 atropa-tipped darts
Armour
 b - a +0 leather armour (worn)
 c - a +0 helmet (worn)
 j - a +0 buckler (worn)
 k - a +0 tower shield
Jewellery
 h - a ring of protection from cold (left hand)
Scrolls
 e - 6 scrolls of identify {unknown}
 f - a scroll of teleportation {unknown}
 g - a scroll of amnesia {unknown}
 l - a scroll of remove curse {unknown}


   Skills:
 + Level 3.5 Fighting
 * Level 4.4 Axes
 - Level 1.5 Throwing
 + Level 3.4 Dodging
 + Level 1.4 Shields
 * Level 2.8 Invocations


You had 6 spell levels left.
You didn't know any spells.
Your spell library was empty.

Dungeon Overview and Level Annotations

Branches:
Dungeon (4/15)
 Temple: D:4-7

Altars:
Makhleb
Uskayaw


Innate Abilities, Weirdness & Mutations

You do not drink.
Your flesh is vulnerable to fire.
You are immune to poison.
Your flesh is cold resistant. (rC+)
You are immune to negative energy. (rN+++)
You are immune to unholy pain and torment.
You can survive without breathing.


Message History

The ogre is heavily wounded.
The ogre misses you.
You hit the ogre.
The ogre is severely wounded.
The ogre closely misses you.
You can now pass through a line of other dancers.
You hit the ogre.
The ogre is almost dead.
You hit the ogre. You block the ogre's attack.
The ogre hits you with a +0 giant spiked club!!
You slash the ogre!
You kill the ogre!
You hit the ogre. The ogre hits you with a +0 giant club!
The ogre closely misses you.
You have reached level 7!
You hit the ogre.
The ogre is moderately wounded.
The scorpion barely misses you.
The ogre hits you with a +0 giant club!!
You die...

#.####.# #......##.#
#......## ##.#.##.##>#
#..####.###.##.##.##.#
###..........###.......#
#.......###### ####.####
#.#.....# #.......#
#.###.# #.......##.# #
#.# #.#####.# # #@# #..
#...sO# #.. #.......#
#.# ###...... #..
#.#.##. #.... .# #..##
.# #.. .#


You could see an ogre and a scorpion.

Vanquished Creatures
  An ogre (D:4)
  An orc priest (D:3)
  Terence (D:2)
  An orc wizard (D:3)
  2 worker ants (D:4)
  A hound skeleton (D:4)
  5 adders
  13 gnolls (D:3)
  An ooze (D:3)
  A worm (D:3)
  2 dart slugs (D:1)
  2 leopard geckos
  11 orcs
  A ball python (D:4)
  A giant cockroach (D:1)
  2 goblins (D:3)
  7 hobgoblins
  6 jackals
  A quokka (D:2)
  A bat (D:3)
  3 frilled lizards (D:1)
  44 kobolds
  5 rats
113 creatures vanquished.

Notes
Turn   | Place    | Note
-------+----------+-------------------------------------------
     0 | D:1      | Lanoc the Mummy Gladiator began the quest for the Orb.
     0 | D:1      | Reached XP level 1. HP: 16/16 MP: 1/1
    82 | D:1      | Reached XP level 2. HP: 18/22 MP: 2/2
   697 | D:2      | Noticed Terence
   727 | D:2      | Killed Terence
   728 | D:2      | Reached skill level 3 in Axes
   728 | D:2      | Reached XP level 3. HP: 13/28 MP: 3/3
  1066 | D:3      | Found a hide-covered altar of Uskayaw.
  1072 | D:3      | Became a worshipper of Uskayaw the Reveller
  1078 | D:3      | Reached * piety under Uskayaw
  1081 | D:3      | Reached ** piety under Uskayaw
  1083 | D:3      | Reached *** piety under Uskayaw
  1084 | D:3      | Reached XP level 4. HP: 19/34 MP: 4/4
  1090 | D:3      | Reached **** piety under Uskayaw
  1097 | D:3      | Reached ***** piety under Uskayaw
  1272 | D:3      | Found a burning altar of Makhleb.
  1294 | D:3      | Reached skill level 1 in Invocations
  1795 | D:3      | Reached XP level 5. HP: 40/40 MP: 5/5
  2211 | D:3      | HP: 2/41 [gnoll/+0 spear (8)]
  2834 | D:3      | Reached skill level 4 in Axes
  2834 | D:3      | Reached skill level 1 in Shields
  2834 | D:3      | Reached XP level 6. HP: 22/47 MP: 7/7
  3895 | D:4      | Reached XP level 7. HP: 19/52 MP: 7/9
  3895 | D:4      | Slain by an ogre

Illustrated notes

Levels and vault maps discovered:
D:1:      roderic_dead_forest, layout_rooms
D:2:      layout_loops_corners, kennysheep_okawaru_gauntlet, old_standard_altar,
          lemuel_crystal_altar, uniq_terence
D:3:      minmay_goblin_kobold_castle, layout_rooms, lemuel_doored_altar,
          nicolae_overflow_crystal_walls, serial_bayou_pond_d
D:4:      layout_loops_cross, minmay_temple_entry_statues_pillars,
          amcnicky_mini_rare_corridor_liquid, minmay_misc_feat_nine_boxes,
          chequers_serial_rivers_micro_e

Skill      XL: |  1  2  3  4  5 |
---------------+----------------+-----
Axes           | 3 4 |  4.4
Invocations    | 1 2 |  2.8
Dodging        | 3 |  3.4
Fighting       | 3 |  3.5
Shields        | 1 |  1.4
Throwing       | |  1.5

Action                   |  1- 3 |  4- 6 |  7- 9 || total
-------------------------+-------+-------+-------++-------
Melee: War axe           |    99 |   218 |     1 ||   318
Throw: Throwing net      |       |     3 |       ||     3
 Stab: Paralysed         |       |    11 |       ||    11
       Sleeping          |       |     1 |       ||     1
Armor: Leather armour    |    26 |    70 |       ||    96
Dodge: Dodged            |    91 |   213 |     1 ||   305
Block: Buckler           |       |    51 |       ||    51

Table legend: (Time is in decaauts)
 A = Elapsed time spent in this place.
 B = Non-inter-level travel time spent in this place.
 C = Inter-level travel time spent in this place.
 D = Time resting spent in this place.
 E = Time spent auto-exploring this place.
 F = Levels seen in this place.
 G = Mean time per level.
                   A        B        C        D        E       F      G
               +--------+--------+--------+--------+--------+-----+--------+
         Total |   4020 |   3912 |    108 |    289 |   2976 |   4 | 1005.0 |
       Dungeon |   4020 |   3912 |    108 |    289 |   2976 |   4 | 1005.0 |
               +--------+--------+--------+--------+--------+-----+--------+

Top non-repeatable levels by time:
     D:3: 2613 daAuts
     D:2: 592 daAuts
     D:1: 489 daAuts
     D:4: 325 daAuts
